 Dungeon Crawl Stone Soup version 0.29-a0-520-gc852659d43 (webtiles) character file.

Game seed: 17166422009670834635

1 pyrow613 the Ruffian (level 1, 22/22 HPs)
             Began as a Troll Monk on May 27, 2022.
             Got out of the dungeon alive.
             The game lasted 00:00:41 (24 turns).

pyrow613 the Ruffian (Troll Monk)                     Turns: 24, Time: 00:00:42

Health: 22/22      AC:  4    Str: 18    XL:     1   Next: 16%
Magic:  0/0        EV: 10    Int:  6    God:
Gold:   0          SH:  0    Dex: 12    Spells: 0/0 levels left

rFire   . . .      SeeInvis .     - Unarmed
rCold   . . .      Faith    .   (no shield)
rNeg    . . .      Spirit   .   a - +0 robe
rPois   .          Reflect  .   (helmet restricted)
rElec   .          Harm     .   (no cloak)
rCorr   .          Rampage  .   (gloves unavailable)
Will    .....                   (boots unavailable)
Stlth   ++........              (no amulet)
HPRegen 0.87/turn               (no ring)
MPRegen 0.07/turn               (no ring)

@: no status effects
A: large, unfitting armour, claws 3, regeneration 1, shaggy fur 1, tough skin 1
a: no special abilities


You escaped.
You visited 1 branch of the dungeon, and saw 1 of its levels.

Inventory:

Armour
 a - a +0 robe (worn)
Potions
 b - a potion of ambrosia
 c - a potion of brilliance {unknown}


   Skills:
 + Level 2.4 Fighting
 + Level 2.4 Dodging
 + Level 1.0 Stealth
 + Level 3.0 Unarmed Combat


You couldn't memorise any spells.
You didn't know any spells.
Your spell library was empty.

Dungeon Overview and Level Annotations

Branches:
Dungeon (1/15)

Altars:


Innate Abilities, Weirdness & Mutations

You are too large for most types of armour.
You have claws for hands.
Your natural rate of healing is unusually fast.
You are covered in fur. (AC +1)
You have tough skin. (AC +1)


Message History

Welcome, pyrow613 the Troll Monk.
Below lies the Orb of Zot, rumoured to be powerful enough to resurrect a god...
Press ? for a list of commands and other information.
Found four items.
Found a staircase leading out of the dungeon.
You open the door.
There is an open door here.
A ball python comes into view.
Found an escape hatch in the floor.
You claw the ball python!
You kill the ball python!
You see here a +0 chain mail.
c - an emerald potion You see here a +0 chain mail.
A bat comes into view.
Welcome back, pyrow613 the Troll Monk.
Press ? for a list of commands and other information.
Unknown command.
Unknown command.
Unknown command.
There is an open door here.
The bat attacks as you move away! The bat hits you but does no damage. x2
There is a staircase leading out of the dungeon here.
Are you sure you want to leave the Dungeon?
This will make you lose the game!
You have escaped!

..#.# ........... #.#.#
#..........
####.#.###..........
.###.......[...........
.............>.........
..........##..........
#.⌠...⌠.............
#..###..##..........
##..#@b..##..........
#...###.....[........
#..⌠...⌠.##..........
#........#...........
....!.................
.#####...###.#.........
##.## #.#......... #.#
#.######### #. #.


You could see a bat.

Vanquished Creatures
  A ball python (D:1)
1 creature vanquished.

Notes
Turn   | Place    | Note
-------+----------+-------------------------------------------
     0 | D:1      | pyrow613 the Troll Monk began the quest for the Orb.
     0 | D:1      | Reached XP level 1. HP: 22/22 MP: 0/0
    15 | D:1      | Upgraded the game from 0.29-a0-495-g17b79114eb to
                  | 0.29-a0-520-gc852659d43
    24 | D:$      | Got out of the dungeon alive.

Illustrated notes

Levels and vault maps discovered:
D:1:      scummos_arrival_simple_fountains, layout_loops_ring,
          shapermc_ecumenical_altar_mp_vishouse, wad_floor_pattern_1

Action                   || total
-------------------------++-------
Melee: Unarmed           ||     1
Armor: Robe              ||     2

Table legend: (Time is in decaauts)
 A = Elapsed time spent in this place.
 B = Non-inter-level travel time spent in this place.
 C = Inter-level travel time spent in this place.
 D = Time resting spent in this place.
 E = Time spent auto-exploring this place.
 F = Levels seen in this place.
 G = Mean time per level.
                   A        B        C        D        E       F      G
               +--------+--------+--------+--------+--------+-----+--------+
         Total |     23 |     18 |      5 |      0 |      0 |   1 |   23.0 |
       Dungeon |     23 |     18 |      5 |      0 |      0 |   1 |   23.0 |
               +--------+--------+--------+--------+--------+-----+--------+

Top non-repeatable levels by time:
     D:1: 23 daAuts
